AoeStats
← Le Cronache di N'Ernia

Arena

509694944Analyzed
2v2 RM · 4d ago on Sep 27, 2026· 39m 55s· 4 players
Game mode
Random Map
Map size
Medium (4 player)
Population
200
Speed
Normal
Resources
Standard
Victory
Conquest
Starting age
Dark Age
Ending age
Imperial Age
RankedLock teamsTeams togetherTeam positionsShared explorationLock speedFull tech treeHidden civsTurbo modeCheats
Victory
Defeat
1269
+16
🇮🇹 Spanish · Italy
1247
+17
🇬🇧 Danes · United Kingdom
1275
-17
🇦🇪 Ethiopians · United Arab Emirates
1251
-16
Citykeeper
9:25 Feudal Age
14:11 Castle Age
12:28 Horse Collar
12:38 Double-Bit Axe
16:21 Bow Saw
16:26 Heavy Plow
22:27 Loom
22:30 Town Watch
22:39 Fletching
28:57 Imperial Age
26:30 Bodkin Arrow
26:31 Gold Mining
26:38 Crossbowman
27:23 Thumb Ring
28:29 Wheelbarrow
29:00 Ballistics
29:02 Padded Archer Armor
29:45 Bracer
29:07 Arbalester
32:11 Chemistry
32:10 Leather Archer Armor
32:34 Coinage
33:27 Masonry
33:41 Scale Mail Armor
35:29 Chain Mail Armor
35:25 Forging
35:09 Onager
36:53 Plate Mail Armor
37:29 Hand Cart
37:30 Siege Engineers
39:42 Ring Archer Armor
Geoff
9:54 Feudal Age
12:02 Loom
14:50 Castle Age
12:55 Horse Collar
14:16 Double-Bit Axe
15:33 Heavy Plow
17:27 Forging
18:04 Gambesons
19:05 Scale Mail Armor
20:57 Chain Mail Armor
21:53 Squires
21:40 Arson
29:23 Fletching
37:01 Iron Casting
Le Cronache di N'Ernia
10:54 Feudal Age
14:34 Castle Age
12:36 Double-Bit Axe
12:38 Horse Collar
16:10 Bow Saw
16:29 Forging
17:31 Heavy Plow
22:51 Wheelbarrow
24:21 Gold Mining
24:49 Hand Cart
25:09 Loom
28:49 Imperial Age
26:39 Scale Mail Armor
27:15 Iron Casting
26:40 Town Watch
27:05 Man-at-Arms
27:31 Gambesons
27:46 Squires
27:32 Arson
28:11 Town Patrol
28:01 Long Swordsman
29:43 Chain Mail Armor
28:52 Two-Handed Swordsman
30:35 Blast Furnace
29:06 Capped Ram
30:06 Siege Engineers
29:50 Champion
31:02 Plate Mail Armor
32:32 Two-Man Saw
33:43 Heavy Scorpion
35:55 Crop Rotation
36:42 Chemistry
36:07 Ballistics
35:15 Pikeman
37:40 Scale Barding Armor
38:40 Bloodlines
38:49 Halberdier
Birba
11:17 Feudal Age
15:00 Castle Age
13:40 Double-Bit Axe
18:53 Horse Collar
30:55 Imperial Age
33:14 Bow Saw
33:07 Heavy Plow
33:46 Wheelbarrow
35:44 Gold Mining
39:53 Bloodlines
39:44 Husbandry
Connection lost

Rejoining the realm…

Still unreachable

The connection could not be restored.

Session expired

The server has moved on; the page needs a fresh start.